Login

Phantoms vs Gladiators

Created - April 21, 2024 at 12:05

Goals
1 2 3 OT1 T
Phantoms 0 1 3 0 4
Gladiators 0 0 4 1 5
Shots
1 2 3 OT1 T
Phantoms 8 6 6 0 20
Gladiators 10 11 17 3 41

GoalsPenalties
1st period
No Goal
Geoff Copses (ATH) for Tripping (Minor) at 3:52
Matthew Tkachuk (LIS) for High sticking (Minor) at 10:39
2nd period
1. Phantoms , Matthew Tkachuk 28 (Jesper Bratt 19, Brayden Point 27) at 13:03
Todd Harkness (LIS) for Tripping (Minor) at 6:17
Travis Konecny (ATH) for High sticking (Minor) at 9:11
Josh Manson (ATH) for Fighting (Major) at 11:39
Brady Tkachuk (LIS) for Fighting (Major) at 11:39
3rd period
2. Phantoms , Brady Tkachuk 29 (Todd Harkness 40, Kevin Hayes 21) at 3:33
3. Phantoms , Jesper Bratt 12 (Matthew Tkachuk 30, Brayden Point 28) at 3:45
4. Gladiators , Travis Konecny 29 (Nico Hischier 42) at 5:35
5. Gladiators , Geoff Copses 14 (Jake Guentzel 37) at 7:35 (PP)
6. Phantoms , Matthew Tkachuk 29 (Brayden Point 29, Vince Dunn 1) at 8:38
7. Gladiators , Sam Reinhart 31 (Geoff Copses 44, Samuel Girard 10) at 10:18
8. Gladiators , Travis Konecny 30 (Geoff Copses 45, Nico Hischier 43) at 16:33
Alexis Lafreniere (LIS) for Hooking (Minor) at 6:18
Brady Tkachuk (LIS) for Holding (Minor) at 17:40
Overtime #1
9. Gladiators , Jake Guentzel 22 (Geoff Copses 46, Nico Hischier 44) at 0:40
No Penalty
Goalie Stats
Samuel Montembeault (LIS), 36 saves from 41 shots - (0.878), OTL, 16-12-3, 60:41 minutes
Ville Husso (ATH), 1 saves from 1 shots - (1.000), W, 1-0-0, 12:03 minutes
Jake Oettinger (ATH), 15 saves from 19 shots - (0.789), 48:38 minutes
3 StarsOfficial
1 - Geoff Copses (ATH)
2 - Matthew Tkachuk (LIS)
3 - Travis Konecny (ATH)
Referees : Unknown
Linesman : Unknown
Game Note
Josh Manson beats up Brady Tkachuk at 11:39 of 2nd period
Ville Husso enters game at 8:38 of 3rd period
Finance
Level 1 -- Attendance: 4699 (78.32%) -- Ticket Income $469,900
Level 2 -- Attendance: 3991 (79.82%) -- Ticket Income $239,460
Level 3 -- Attendance: 1604 (80.20%) -- Ticket Income $56,140
Level 4 -- Attendance: 2844 (71.10%) -- Ticket Income $71,100
Luxury Box -- Attendance: 1000 (100.00%) -- Ticket Income $200,000
Game was played at the Delphi Stadium.
Total Attendance: 14138 (78.54%)
Total Ticket Income: $1,036,600
Other Income: $414,640
Total Income: $1,451,240



Team Name Goals Shots Shots Attemp Shots Blocked PIM HIT PP PK FO%
Phantoms 420461313130 / 2 (0%)150%
Gladiators 5418259181 / 4 (25%)050%

Phantoms
Player Name POS G A P +/- PIM HIT SHT SB MP PP MP PP SHT PK MP PK SHT FO% FOT
Alexis LafreniereLW/RW000120105:200:0000:000100% 1
Andrew MangiapaneLW/RW000-2030116:420:0002:3100% 4
Brady TkachukLW1010712117:351:2601:57050% 6
Brayden PointC0332002019:270:0000:00064% 22
Brian DumoulinD0000000016:071:0200:0000% 0
Devon ToewsD000-1002020:111:2113:1800% 0
Dominik KubalikLW/RW000-2000015:181:0200:1700% 1
Eetu LuostarinenC/LW000000000:480:0000:0000% 0
Ilya LyubushkinD000100008:070:0003:0200% 0
Jared McCannC/LW000-2022018:221:3011:52026% 19
Jesper BrattLW/RW1122002021:092:3705:07050% 2
Kevin HayesC/LW/RW0110011017:241:2100:0000% 1
Matthew TkachukLW/RW2132215124:352:3702:44050% 6
Michael AndersonD0000050116:060:1000:5100% 0
Sebastian AhoC0000001017:241:2100:00072% 18
Todd HarknessD0111200424:582:4603:2100% 0
Travis HamonicD0001001419:392:3713:5600% 0
Vince DunnD011-1001115:320:0000:0000% 0
Gladiators
Player Name POS G A P +/- PIM HIT SHT SB MP PP MP PP SHT PK MP PK SHT FO% FOT
Alec MartinezD0000021020:153:3912:2500% 0
Anthony CirelliC/RW000-2002010:310:0001:51071% 14
Colton SissonsC/LW/RW0000000012:170:0000:0400% 0
Evan RodriguesC/LW/RW000-2000011:120:0001:5100% 0
Geoff CopsesD1341237025:353:3540:5400% 0
J.T. CompherC/LW/RW0001002014:450:0000:0000% 1
Jaccob SlavinD0000011023:523:3511:2900% 0
Jake GuentzelLW/RW1121004016:553:0400:0000% 2
Josh MansonD000-1531014:080:0000:3900% 0
Nick SchmaltzC/LW/RW0000002014:552:4210:00015% 13
Nico HischierC0331014013:510:0000:00055% 11
Ryan SuterD000-1001321:033:3912:2500% 0
Sam ReinhartC/RW1011005019:314:1000:36050% 24
Samuel GirardD0110040015:050:0000:0400% 0
T.J. OshieC/RW0000002116:483:0401:31178% 9
Travis KonecnyLW/RW2020235017:194:1010:00040% 5
Yanni GourdeC/RW000-200018:400:0000:0000% 0
Zach HymanLW/RW0001014021:204:3212:030100% 1

Phantoms

5 vs 5 Forward
Line #Left WingCenterRight WingPHYDFOFWanted %Time %Time Play
1Matthew TkachukBrayden PointJesper Bratt1223027%13:25
2Brady TkachukSebastian AhoKevin Hayes1222833%16:03
3Dominik KubalikJared McCannAndrew Mangiapane1222629%13:59
4Alexis LafreniereBrayden PointMatthew Tkachuk1221611%5:21
5 vs 5 Defense
Line #DefenseDefensePHYDFOFWanted %Time %Time Play
1Todd HarknessTravis Hamonic1223027%13:06
2Vince DunnDevon Toews1222832%15:32
3Brian DumoulinMichael Anderson1222631%15:05
4Ilya LyubushkinTodd Harkness1221610%5:05
Power Play Forward
Line #Left WingCenterRight WingPHYDFOFWanted %Time %Time Play
1Matthew TkachukBrady TkachukJesper Bratt1225566%2:37
2Brady TkachukSebastian AhoKevin Hayes1224534%1:21
Power Play Defense
Line #DefenseDefensePHYDFOFWanted %Time %Time Play
1Todd HarknessTravis Hamonic1225566%2:37
2Todd HarknessDevon Toews1224534%1:21
Penalty Kill 4 Players Forward
Line #CenterWingPHYDFOFWanted %Time %Time Play
1Matthew TkachukJesper Bratt1225560%4:19
2Brady TkachukJesper Bratt1224540%2:55
Penalty Kill 4 Players Defense
Line #DefenseDefensePHYDFOFWanted %Time %Time Play
1Todd HarknessTravis Hamonic1225554%3:56
2Todd HarknessDevon Toews1224546%3:18
Penalty Kill 3 Players
Line #WingPHYDFOFWanted %Time %Time PlayDefenseDefensePHYDFOFWanted %Time %Time Play
1Matthew Tkachuk122550%0:00 Todd HarknessTravis Hamonic122550%0:00
2Matthew Tkachuk122450%0:00 Todd HarknessDevon Toews122450%0:00
4 vs 4 Forward
Line #CenterWingPHYDFOFWanted %Time %Time Play
1Matthew TkachukJesper Bratt122550%0:00
2Brady TkachukJesper Bratt122450%0:00
4 vs 4 Defense
Line #DefensePHYDFOFWanted %Time %Time Play
1Todd HarknessTravis Hamonic122550%0:00
2Todd HarknessDevon Toews122450%0:00
Last Minutes Offensive
Left WingCenterRight WingDefenseDefense
Matthew TkachukBrayden PointJesper BrattTodd HarknessTravis Hamonic
Last Minutes Defensive
Left WingCenterRight WingDefenseDefense
Matthew TkachukBrayden PointJesper BrattTodd HarknessTravis Hamonic
Time
Total ForwardTotal DefenseLast Minutes OffensiveLast Minutes Defensive
60:00 60:00 0:000:00
Extra Forwards
Normal PowerPlayPenalty Kill
Jared McCann, Dominik Kubalik, Andrew MangiapaneJared McCann, Dominik KubalikAndrew Mangiapane
Extra Defensemen
Normal PowerPlayPenalty Kill
Brian Dumoulin, Todd Harkness, Ilya LyubushkinBrian Dumoulin, Todd HarknessIlya Lyubushkin
Penalty Shots
Matthew Tkachuk, Brayden Point, Brady Tkachuk, Jesper Bratt, Sebastian Aho
Goalie
Samuel Montembeault, Pheonix Copley
Custom OT Lines Forwards
Matthew Tkachuk, Brayden Point, Brady Tkachuk, Jesper Bratt, Sebastian Aho, Jared McCann, Kevin Hayes, Dominik Kubalik, Andrew Mangiapane, Alexis Lafreniere
Custom OT Lines Defensemen
Todd Harkness, Travis Hamonic, Ilya Lyubushkin, Devon Toews, Brian Dumoulin
Scratches
Scott Mayfield (Healthy), Elvis Merzlikins (Healthy)

Gladiators

5 vs 5 Forward
Line #Left WingCenterRight WingPHYDFOFWanted %Time %Time Play
1J.T. CompherSam ReinhartZach Hyman1223030%14:45
2Travis KonecnyNico HischierJake Guentzel1222827%13:10
3Colton SissonsNick SchmaltzT.J. Oshie1222625%12:13
4Evan RodriguesAnthony CirelliYanni Gourde1221618%8:40
5 vs 5 Defense
Line #DefenseDefensePHYDFOFWanted %Time %Time Play
1Geoff CopsesSamuel Girard1223031%15:01
2Alec MartinezJaccob Slavin1222828%13:29
3Josh MansonRyan Suter1222631%14:59
4Geoff CopsesJaccob Slavin1221611%5:19
Power Play Forward
Line #Left WingCenterRight WingPHYDFOFWanted %Time %Time Play
1Zach HymanSam ReinhartTravis Konecny1225558%4:10
2Jake GuentzelT.J. OshieZach Hyman1224542%3:04
Power Play Defense
Line #DefenseDefensePHYDFOFWanted %Time %Time Play
1Geoff CopsesJaccob Slavin1225550%3:35
2Alec MartinezRyan Suter1224550%3:39
Penalty Kill 4 Players Forward
Line #CenterWingPHYDFOFWanted %Time %Time Play
1Anthony CirelliEvan Rodrigues1225562%2:27
2T.J. OshieZach Hyman1224538%1:31
Penalty Kill 4 Players Defense
Line #DefenseDefensePHYDFOFWanted %Time %Time Play
1Geoff CopsesJaccob Slavin1225554%2:09
2Alec MartinezRyan Suter1224546%1:49
Penalty Kill 3 Players
Line #WingPHYDFOFWanted %Time %Time PlayDefenseDefensePHYDFOFWanted %Time %Time Play
1Colton Sissons122550%0:00 Geoff CopsesJaccob Slavin122550%0:00
2Evan Rodrigues122450%0:00 Geoff CopsesRyan Suter122450%0:00
4 vs 4 Forward
Line #CenterWingPHYDFOFWanted %Time %Time Play
1T.J. OshieJake Guentzel122550%0:00
2Travis KonecnyZach Hyman122450%0:00
4 vs 4 Defense
Line #DefensePHYDFOFWanted %Time %Time Play
1Geoff CopsesJaccob Slavin122550%0:00
2Alec MartinezRyan Suter122450%0:00
Last Minutes Offensive
Left WingCenterRight WingDefenseDefense
Zach HymanSam ReinhartJake GuentzelGeoff CopsesJosh Manson
Last Minutes Defensive
Left WingCenterRight WingDefenseDefense
Evan RodriguesAnthony CirelliT.J. OshieGeoff CopsesJaccob Slavin
Time
Total ForwardTotal DefenseLast Minutes OffensiveLast Minutes Defensive
60:00 60:00 0:000:00
Extra Forwards
Normal PowerPlayPenalty Kill
Nick Schmaltz, Anthony Cirelli, T.J. OshieNick Schmaltz, Colton SissonsT.J. Oshie
Extra Defensemen
Normal PowerPlayPenalty Kill
Geoff Copses, Jaccob Slavin, Alec MartinezGeoff Copses, Geoff CopsesAlec Martinez
Penalty Shots
T.J. Oshie, Jake Guentzel, Travis Konecny, Zach Hyman, Sam Reinhart
Goalie
Jake Oettinger, Ville Husso
Custom OT Lines Forwards
Nico Hischier, Jake Guentzel, Travis Konecny, Zach Hyman, Sam Reinhart, Evan Rodrigues, Nick Schmaltz, Colton Sissons, T.J. Oshie, Anthony Cirelli
Custom OT Lines Defensemen
Geoff Copses, Jaccob Slavin, Josh Manson, Ryan Suter, Alec Martinez
Scratches
Shea Theodore (Healthy), Alex Tuch (Healthy)


Play-by-Play

1st period


0:01 of 1st period - Sam Reinhart wins face-off versus Brayden Point in neutral zone.
1:12 of 1st period - Shot by Nico Hischier.
1:12 of 1st period - Stopped by Samuel Montembeault with a rebound.
1:14 of 1st period - Shot by Alec Martinez.
1:14 of 1st period - Shot Misses the Net.
1:30 of 1st period - Shot by Nico Hischier.
1:30 of 1st period - Stopped by Samuel Montembeault with a rebound.
1:32 of 1st period - Shot by Travis Konecny.
1:32 of 1st period - Stopped by Samuel Montembeault without a rebound.
1:33 of 1st period - Sebastian Aho wins face-off versus Nick Schmaltz in Phantoms zone.
1:43 of 1st period - Icing by Ryan Suter.
1:44 of 1st period - Nick Schmaltz wins face-off versus Jared McCann in Gladiators zone.
2:02 of 1st period - Shot by Nick Schmaltz.
2:02 of 1st period - Shot Misses the Net.
2:06 of 1st period - Shot by Nick Schmaltz.
2:06 of 1st period - Stopped by Samuel Montembeault with a rebound.
3:09 of 1st period - Shot by Brady Tkachuk.
3:09 of 1st period - Shot Misses the Net.
3:13 of 1st period - Shot by Brady Tkachuk.
3:13 of 1st period - Shot Misses the Net.
3:21 of 1st period - Shot by Kevin Hayes.
3:21 of 1st period - Stopped by Jake Oettinger with a rebound.
3:52 of 1st period - Minor Penalty to Geoff Copses for Tripping.
3:53 of 1st period - Brady Tkachuk wins face-off versus T.J. Oshie in Gladiators zone.
3:56 of 1st period - Shot by Matthew Tkachuk.
3:56 of 1st period - Shot Blocked by T.J. Oshie.
3:58 of 1st period - Shot by Travis Hamonic.
3:58 of 1st period - Stopped by Jake Oettinger without a rebound.
3:59 of 1st period - T.J. Oshie wins face-off versus Brady Tkachuk in Gladiators zone.
4:26 of 1st period - Shot by Matthew Tkachuk.
4:26 of 1st period - Shot Misses the Net.
4:28 of 1st period - Shot by Todd Harkness.
4:28 of 1st period - Shot Misses the Net.
4:42 of 1st period - Alec Martinez is hit by Kevin Hayes and loses puck.
5:00 of 1st period - Shot by Devon Toews.
5:00 of 1st period - Stopped by Jake Oettinger with a rebound.
5:19 of 1st period - Icing by Matthew Tkachuk.
5:20 of 1st period - Anthony Cirelli wins face-off versus Dominik Kubalik in Phantoms zone.
6:33 of 1st period - Off-side.
6:34 of 1st period - Nick Schmaltz wins face-off versus Sebastian Aho in neutral zone.
6:34 of 1st period - Nick Schmaltz is hit by Brady Tkachuk.
6:47 of 1st period - Colton Sissons is hit by Michael Anderson and loses puck.
6:53 of 1st period - Nick Schmaltz is hit by Michael Anderson and loses puck.
7:01 of 1st period - Colton Sissons is hit by Michael Anderson and loses puck.
7:33 of 1st period - Icing by Alec Martinez.
7:34 of 1st period - Brayden Point wins face-off versus Sam Reinhart in Gladiators zone.
7:55 of 1st period - Shot by Sam Reinhart.
7:55 of 1st period - Shot Misses the Net.
7:57 of 1st period - Shot by Zach Hyman.
7:57 of 1st period - Stopped by Samuel Montembeault without a rebound.
7:58 of 1st period - Nico Hischier wins face-off versus Jared McCann in Phantoms zone.
8:55 of 1st period - Shot by Brayden Point.
8:55 of 1st period - Stopped by Jake Oettinger without a rebound.
8:56 of 1st period - Sebastian Aho wins face-off versus Sam Reinhart in Gladiators zone.
9:07 of 1st period - Shot by Sebastian Aho.
9:07 of 1st period - Stopped by Jake Oettinger with a rebound.
9:57 of 1st period - Shot by Jesper Bratt.
9:57 of 1st period - Shot Misses the Net.
9:59 of 1st period - Shot by Brayden Point.
9:59 of 1st period - Deflect By Matthew Tkachuk.
9:59 of 1st period - Stopped by Jake Oettinger without a rebound.
10:00 of 1st period - Jared McCann wins face-off versus Nick Schmaltz in Gladiators zone.
10:12 of 1st period - Icing by Josh Manson.
10:13 of 1st period - Brayden Point wins face-off versus Nick Schmaltz in Gladiators zone.
10:39 of 1st period - Minor Penalty to Matthew Tkachuk for High sticking.
10:40 of 1st period - Sam Reinhart wins face-off versus Andrew Mangiapane in Phantoms zone.
11:09 of 1st period - Shot by Sam Reinhart.
11:09 of 1st period - Shot Blocked by Andrew Mangiapane.
11:11 of 1st period - Shot by Sam Reinhart.
11:11 of 1st period - Deflect By Travis Konecny.
11:11 of 1st period - Shot Misses the Net.
11:13 of 1st period - Shot by Jaccob Slavin.
11:13 of 1st period - Shot Misses the Net.
11:26 of 1st period - Icing by Ryan Suter.
11:27 of 1st period - T.J. Oshie wins face-off versus Jared McCann in Gladiators zone.
11:42 of 1st period - Shot by Nick Schmaltz.
11:42 of 1st period - Shot Misses the Net.
12:46 of 1st period - Shot by Brayden Point.
12:46 of 1st period - Stopped by Jake Oettinger without a rebound.
12:47 of 1st period - Brayden Point wins face-off versus Anthony Cirelli in Gladiators zone.
13:48 of 1st period - Shot by Nico Hischier.
13:48 of 1st period - Stopped by Samuel Montembeault without a rebound.
13:49 of 1st period - Sebastian Aho wins face-off versus J.T. Compher in Phantoms zone.
14:09 of 1st period - Off-side.
14:10 of 1st period - Jared McCann wins face-off versus Nick Schmaltz in neutral zone.
14:13 of 1st period - Ryan Suter is hit by Andrew Mangiapane and loses puck.
14:21 of 1st period - Dominik Kubalik is hit by Josh Manson and loses puck.
15:07 of 1st period - Icing by Vince Dunn.
15:08 of 1st period - Travis Konecny wins face-off versus Jared McCann in Phantoms zone.
15:17 of 1st period - Shot by Jake Guentzel.
15:17 of 1st period - Stopped by Samuel Montembeault without a rebound.
15:18 of 1st period - Zach Hyman wins face-off versus Brayden Point in Phantoms zone.
15:47 of 1st period - Shot by Zach Hyman.
15:47 of 1st period - Shot Blocked by Travis Hamonic.
16:21 of 1st period - Shot by Brady Tkachuk.
16:21 of 1st period - Stopped by Jake Oettinger with a rebound.
17:50 of 1st period - Icing by Dominik Kubalik.
17:51 of 1st period - Sam Reinhart wins face-off versus Andrew Mangiapane in Phantoms zone.
17:58 of 1st period - Shot by Sam Reinhart.
17:58 of 1st period - Stopped by Samuel Montembeault with a rebound.
18:01 of 1st period - Icing by Devon Toews.
18:02 of 1st period - Anthony Cirelli wins face-off versus Jared McCann in Phantoms zone.
18:14 of 1st period - Icing by Anthony Cirelli.
18:15 of 1st period - Anthony Cirelli wins face-off versus Brayden Point in Gladiators zone.
19:01 of 1st period - Icing by Brayden Point.
19:02 of 1st period - Brayden Point wins face-off versus Nico Hischier in Phantoms zone.
19:06 of 1st period - Off-side.
19:07 of 1st period - Sam Reinhart wins face-off versus Sebastian Aho in neutral zone.
19:10 of 1st period - Shot by Sam Reinhart.
19:10 of 1st period - Stopped by Samuel Montembeault with a rebound.
19:14 of 1st period - Shot by Sam Reinhart.
19:14 of 1st period - Shot Misses the Net.
19:16 of 1st period - Shot by Sam Reinhart.
19:16 of 1st period - Shot Misses the Net.
19:18 of 1st period - Shot by J.T. Compher.
19:18 of 1st period - Stopped by Samuel Montembeault without a rebound.
19:19 of 1st period - Nico Hischier wins face-off versus Jared McCann in Phantoms zone.
Goals for this period are 0 for Phantoms vs 0 for Gladiators.
Shots for this period are 8 for Phantoms vs 10 for Gladiators.

2nd period


0:01 of 2nd period - Sam Reinhart wins face-off versus Brayden Point in neutral zone.
0:23 of 2nd period - Jesper Bratt is hit by Alec Martinez and loses puck.
1:13 of 2nd period - Shot by Brady Tkachuk.
1:13 of 2nd period - Shot Misses the Net.
1:28 of 2nd period - Brady Tkachuk is hit by Alec Martinez and loses puck.
1:54 of 2nd period - Icing by Jaccob Slavin.
1:55 of 2nd period - Sam Reinhart wins face-off versus Jared McCann in Gladiators zone.
1:55 of 2nd period - Sam Reinhart is hit by Andrew Mangiapane.
2:19 of 2nd period - Shot by Andrew Mangiapane.
2:19 of 2nd period - Shot Misses the Net.
3:03 of 2nd period - Shot by Matthew Tkachuk.
3:03 of 2nd period - Stopped by Jake Oettinger without a rebound.
3:04 of 2nd period - Brayden Point wins face-off versus Nico Hischier in Gladiators zone.
3:13 of 2nd period - Shot by Brayden Point.
3:13 of 2nd period - Shot Misses the Net.
3:16 of 2nd period - Icing by Travis Konecny.
3:17 of 2nd period - Sebastian Aho wins face-off versus Travis Konecny in Gladiators zone.
3:18 of 2nd period - Shot by Kevin Hayes.
3:18 of 2nd period - Shot Misses the Net.
3:44 of 2nd period - Shot by Nico Hischier.
3:44 of 2nd period - Stopped by Samuel Montembeault without a rebound.
3:45 of 2nd period - Brayden Point wins face-off versus Nick Schmaltz in Phantoms zone.
4:10 of 2nd period - Shot by Matthew Tkachuk.
4:10 of 2nd period - Shot Blocked by Ryan Suter.
4:12 of 2nd period - Shot by Devon Toews.
4:12 of 2nd period - Stopped by Jake Oettinger with a rebound.
4:14 of 2nd period - Shot by Devon Toews.
4:14 of 2nd period - Shot Blocked by Ryan Suter.
4:28 of 2nd period - Shot by Brayden Point.
4:28 of 2nd period - Shot Blocked by Ryan Suter.
5:16 of 2nd period - Sebastian Aho is hit by Josh Manson and loses puck.
5:38 of 2nd period - Icing by Brian Dumoulin.
5:39 of 2nd period - Jared McCann wins face-off versus Nico Hischier in Phantoms zone.
5:57 of 2nd period - Icing by Brian Dumoulin.
5:58 of 2nd period - Anthony Cirelli wins face-off versus Jared McCann in Phantoms zone.
6:14 of 2nd period - Off-side.
6:15 of 2nd period - Nico Hischier wins face-off versus Brayden Point in neutral zone.
6:17 of 2nd period - Minor Penalty to Todd Harkness for Tripping.
6:18 of 2nd period - Matthew Tkachuk wins face-off versus Sam Reinhart in Phantoms zone.
6:25 of 2nd period - Shot by Geoff Copses.
6:25 of 2nd period - Stopped by Samuel Montembeault without a rebound.
6:26 of 2nd period - Matthew Tkachuk wins face-off versus Sam Reinhart in Phantoms zone.
6:45 of 2nd period - Shot by Travis Konecny.
6:45 of 2nd period - Shot Misses the Net.
6:47 of 2nd period - Shot by Jaccob Slavin.
6:47 of 2nd period - Stopped by Samuel Montembeault with a rebound.
6:57 of 2nd period - Shot by Travis Konecny.
6:57 of 2nd period - Stopped by Samuel Montembeault without a rebound.
6:58 of 2nd period - Brady Tkachuk wins face-off versus T.J. Oshie in Phantoms zone.
7:10 of 2nd period - Off-side.
7:11 of 2nd period - Jesper Bratt wins face-off versus Sam Reinhart in neutral zone.
7:39 of 2nd period - Shot by Geoff Copses.
7:39 of 2nd period - Shot Blocked by Michael Anderson.
7:52 of 2nd period - Icing by Alec Martinez.
7:53 of 2nd period - T.J. Oshie wins face-off versus Matthew Tkachuk in Gladiators zone.
8:32 of 2nd period - Shot by Sebastian Aho.
8:32 of 2nd period - Shot Hit the Post.
8:36 of 2nd period - Shot by Vince Dunn.
8:36 of 2nd period - Shot Blocked by Yanni Gourde.
8:38 of 2nd period - Shot by Sebastian Aho.
8:38 of 2nd period - Shot Misses the Net.
8:49 of 2nd period - Icing by Sebastian Aho.
8:50 of 2nd period - Sebastian Aho wins face-off versus Jake Guentzel in Phantoms zone.
9:11 of 2nd period - Minor Penalty to Travis Konecny for High sticking.
9:12 of 2nd period - Anthony Cirelli wins face-off versus Jesper Bratt in Gladiators zone.
9:30 of 2nd period - Shot by Jared McCann.
9:30 of 2nd period - Stopped by Jake Oettinger without a rebound.
9:31 of 2nd period - T.J. Oshie wins face-off versus Brady Tkachuk in Gladiators zone.
9:48 of 2nd period - Shot by T.J. Oshie.
9:48 of 2nd period - Stopped by Samuel Montembeault with a rebound.
9:50 of 2nd period - Shot by Zach Hyman.
9:50 of 2nd period - Shot Misses the Net.
9:52 of 2nd period - Shot by Jaccob Slavin.
9:52 of 2nd period - Shot Misses the Net.
10:56 of 2nd period - Matthew Tkachuk is hit by Jaccob Slavin and loses puck.
11:12 of 2nd period - Shot by Brayden Point.
11:12 of 2nd period - Deflect By Alexis Lafreniere.
11:12 of 2nd period - Shot Misses the Net.
11:18 of 2nd period - Shot by Andrew Mangiapane.
11:18 of 2nd period - Shot Hit the Post.
11:20 of 2nd period - Shot by Alexis Lafreniere.
11:20 of 2nd period - Shot Misses the Net.
11:22 of 2nd period - Shot by Vince Dunn.
11:22 of 2nd period - Stopped by Jake Oettinger without a rebound.
11:23 of 2nd period - Jared McCann wins face-off versus Sam Reinhart in Gladiators zone.
11:38 of 2nd period - Shot by Sam Reinhart.
11:38 of 2nd period - Deflect By J.T. Compher.
11:38 of 2nd period - Stopped by Samuel Montembeault without a rebound.
11:39 of 2nd period - Nico Hischier wins face-off versus Sebastian Aho in Phantoms zone.
11:39 of 2nd period - Josh Manson beats up Brady Tkachuk.
11:39 of 2nd period - Penalty to Josh Manson for Fighting.
11:39 of 2nd period - Penalty to Brady Tkachuk for Fighting.
11:40 of 2nd period - Sebastian Aho wins face-off versus Nico Hischier in Phantoms zone.
11:45 of 2nd period - Shot by Geoff Copses.
11:45 of 2nd period - Stopped by Samuel Montembeault without a rebound.
11:46 of 2nd period - Nico Hischier wins face-off versus Sebastian Aho in Phantoms zone.
11:46 of 2nd period - Jake Guentzel is hit by Michael Anderson and loses puck.
13:01 of 2nd period - Shot by Brayden Point.
13:01 of 2nd period - Shot Misses the Net.
13:03 of 2nd period - Shot by Jesper Bratt.
13:03 of 2nd period - Deflect By Matthew Tkachuk.
13:03 of 2nd period - Goal by Matthew Tkachuk - Phantoms : 1 - Gladiators : 0.
13:04 of 2nd period - Alexis Lafreniere wins face-off versus Nick Schmaltz in neutral zone.
13:21 of 2nd period - Brayden Point is hit by Samuel Girard and loses puck.
14:35 of 2nd period - Icing by Jared McCann.
14:36 of 2nd period - Anthony Cirelli wins face-off versus Jared McCann in Phantoms zone.
14:53 of 2nd period - Shot by Anthony Cirelli.
14:53 of 2nd period - Stopped by Samuel Montembeault with a rebound.
16:00 of 2nd period - Sebastian Aho is hit by Geoff Copses and loses puck.
16:32 of 2nd period - Icing by Devon Toews.
16:33 of 2nd period - Brayden Point wins face-off versus Sam Reinhart in Phantoms zone.
16:50 of 2nd period - Shot by Zach Hyman.
16:50 of 2nd period - Deflect By Sam Reinhart.
16:50 of 2nd period - Stopped by Samuel Montembeault without a rebound.
16:51 of 2nd period - Sebastian Aho wins face-off versus Travis Konecny in Phantoms zone.
16:51 of 2nd period - Sebastian Aho is hit by Travis Konecny.
17:11 of 2nd period - Shot by Travis Konecny.
17:11 of 2nd period - Stopped by Samuel Montembeault without a rebound.
17:12 of 2nd period - Brayden Point wins face-off versus Sam Reinhart in Phantoms zone.
17:23 of 2nd period - Shot by Alexis Lafreniere.
17:23 of 2nd period - Stopped by Jake Oettinger without a rebound.
17:24 of 2nd period - Brayden Point wins face-off versus Nick Schmaltz in Gladiators zone.
17:43 of 2nd period - Shot by T.J. Oshie.
17:43 of 2nd period - Stopped by Samuel Montembeault without a rebound.
17:44 of 2nd period - Sebastian Aho wins face-off versus Sam Reinhart in Phantoms zone.
18:52 of 2nd period - Shot by Josh Manson.
18:52 of 2nd period - Shot Misses the Net.
19:23 of 2nd period - Icing by Nico Hischier.
19:24 of 2nd period - Travis Konecny wins face-off versus Jared McCann in Gladiators zone.
Goals for this period are 1 for Phantoms vs 0 for Gladiators.
Shots for this period are 6 for Phantoms vs 11 for Gladiators.

3rd period


0:01 of 3rd period - Sam Reinhart wins face-off versus Brayden Point in neutral zone.
0:16 of 3rd period - Off-side.
0:17 of 3rd period - Sebastian Aho wins face-off versus Nick Schmaltz in neutral zone.
2:14 of 3rd period - Icing by J.T. Compher.
2:15 of 3rd period - Sam Reinhart wins face-off versus Jared McCann in Gladiators zone.
2:15 of 3rd period - Sam Reinhart is hit by Jared McCann.
3:20 of 3rd period - Sebastian Aho is hit by Josh Manson and loses puck.
3:33 of 3rd period - Shot by Brady Tkachuk.
3:33 of 3rd period - Goal by Brady Tkachuk - Phantoms : 2 - Gladiators : 0.
3:34 of 3rd period - Brayden Point wins face-off versus Anthony Cirelli in neutral zone.
3:39 of 3rd period - Shot by Jesper Bratt.
3:39 of 3rd period - Deflect By Matthew Tkachuk.
3:39 of 3rd period - Stopped by Jake Oettinger without a rebound.
3:40 of 3rd period - Brayden Point wins face-off versus Anthony Cirelli in Gladiators zone.
3:45 of 3rd period - Shot by Jesper Bratt.
3:45 of 3rd period - Goal by Jesper Bratt - Phantoms : 3 - Gladiators : 0.
3:46 of 3rd period - Brayden Point wins face-off versus Anthony Cirelli in neutral zone.
3:49 of 3rd period - Shot by Brayden Point.
3:49 of 3rd period - Deflect By Jesper Bratt.
3:49 of 3rd period - Stopped by Jake Oettinger without a rebound.
3:50 of 3rd period - Brayden Point wins face-off versus Nick Schmaltz in Gladiators zone.
3:50 of 3rd period - Brayden Point is hit by Geoff Copses.
3:53 of 3rd period - Matthew Tkachuk is hit by Samuel Girard and loses puck.
3:59 of 3rd period - Brayden Point is hit by Geoff Copses and loses puck.
4:09 of 3rd period - Matthew Tkachuk is hit by Samuel Girard and loses puck.
4:20 of 3rd period - Shot by Geoff Copses.
4:20 of 3rd period - Stopped by Samuel Montembeault with a rebound.
4:31 of 3rd period - Brayden Point is hit by Samuel Girard and loses puck.
5:00 of 3rd period - Shot by Anthony Cirelli.
5:00 of 3rd period - Deflect By Evan Rodrigues.
5:00 of 3rd period - Shot Misses the Net.
5:02 of 3rd period - Shot by Anthony Cirelli.
5:02 of 3rd period - Stopped by Samuel Montembeault without a rebound.
5:03 of 3rd period - Sam Reinhart wins face-off versus Sebastian Aho in Phantoms zone.
5:13 of 3rd period - Shot by Zach Hyman.
5:13 of 3rd period - Stopped by Samuel Montembeault without a rebound.
5:14 of 3rd period - Sebastian Aho wins face-off versus Travis Konecny in Phantoms zone.
5:14 of 3rd period - Sebastian Aho is hit by Nico Hischier.
5:35 of 3rd period - Shot by Travis Konecny.
5:35 of 3rd period - Goal by Travis Konecny - Phantoms : 3 - Gladiators : 1.
5:36 of 3rd period - Matthew Tkachuk wins face-off versus Sam Reinhart in neutral zone.
6:18 of 3rd period - Minor Penalty to Alexis Lafreniere for Hooking.
6:19 of 3rd period - T.J. Oshie wins face-off versus Brady Tkachuk in Phantoms zone.
6:38 of 3rd period - Shot by Geoff Copses.
6:38 of 3rd period - Shot Blocked by Matthew Tkachuk.
6:40 of 3rd period - Shot by Geoff Copses.
6:40 of 3rd period - Stopped by Samuel Montembeault without a rebound.
6:41 of 3rd period - Brady Tkachuk wins face-off versus Sam Reinhart in Phantoms zone.
7:03 of 3rd period - Shot by Nick Schmaltz.
7:03 of 3rd period - Stopped by Samuel Montembeault with a rebound.
7:05 of 3rd period - Shot by Alec Martinez.
7:05 of 3rd period - Shot Misses the Net.
7:07 of 3rd period - Shot by Ryan Suter.
7:07 of 3rd period - Shot Misses the Net.
7:09 of 3rd period - Shot by Alec Martinez.
7:09 of 3rd period - Shot Blocked by Brady Tkachuk.
7:11 of 3rd period - Shot by Travis Konecny.
7:11 of 3rd period - Shot Misses the Net.
7:13 of 3rd period - Shot by Alec Martinez.
7:13 of 3rd period - Stopped by Samuel Montembeault with a rebound.
7:15 of 3rd period - Shot by Alec Martinez.
7:15 of 3rd period - Shot Blocked by Travis Hamonic.
7:17 of 3rd period - Shot by Ryan Suter.
7:17 of 3rd period - Shot Blocked by Todd Harkness.
7:35 of 3rd period - Shot by Geoff Copses.
7:35 of 3rd period - Goal by Geoff Copses - Phantoms : 3 - Gladiators : 2.
7:36 of 3rd period - Anthony Cirelli wins face-off versus Jared McCann in neutral zone.
7:40 of 3rd period - Geoff Copses is hit by Andrew Mangiapane.
7:58 of 3rd period - Shot by Jared McCann.
7:58 of 3rd period - Shot Misses the Net.
8:38 of 3rd period - Shot by Matthew Tkachuk.
8:38 of 3rd period - Goal by Matthew Tkachuk - Phantoms : 4 - Gladiators : 2.
8:38 of 3rd period - Ville Husso enters game.
8:39 of 3rd period - Sebastian Aho wins face-off versus Jake Guentzel in neutral zone.
8:57 of 3rd period - Devon Toews is hit by Travis Konecny and loses puck.
9:20 of 3rd period - Shot by Travis Konecny.
9:20 of 3rd period - Shot Misses the Net.
9:58 of 3rd period - Shot by Colton Sissons.
9:58 of 3rd period - Shot Misses the Net.
10:00 of 3rd period - Shot by Josh Manson.
10:00 of 3rd period - Stopped by Samuel Montembeault without a rebound.
10:01 of 3rd period - Sam Reinhart wins face-off versus Andrew Mangiapane in Phantoms zone.
10:02 of 3rd period - Shot by Zach Hyman.
10:02 of 3rd period - Stopped by Samuel Montembeault without a rebound.
10:03 of 3rd period - Sam Reinhart wins face-off versus Jared McCann in Phantoms zone.
10:16 of 3rd period - Shot by Sam Reinhart.
10:16 of 3rd period - Shot Misses the Net.
10:18 of 3rd period - Shot by Sam Reinhart.
10:18 of 3rd period - Goal by Sam Reinhart - Phantoms : 4 - Gladiators : 3.
10:19 of 3rd period - Brayden Point wins face-off versus Nick Schmaltz in neutral zone.
10:57 of 3rd period - Shot by Jesper Bratt.
10:57 of 3rd period - Deflect By Brayden Point.
10:57 of 3rd period - Shot Misses the Net.
11:17 of 3rd period - Shot by Jared McCann.
11:17 of 3rd period - Stopped by Ville Husso without a rebound.
11:18 of 3rd period - Sebastian Aho wins face-off versus Sam Reinhart in Gladiators zone.
11:35 of 3rd period - Brian Dumoulin is hit by Zach Hyman and loses puck.
11:47 of 3rd period - Icing by Michael Anderson.
11:48 of 3rd period - Sebastian Aho wins face-off versus Nico Hischier in Phantoms zone.
11:48 of 3rd period - Sebastian Aho is hit by Travis Konecny.
12:00 of 3rd period - Shot by Sebastian Aho.
12:00 of 3rd period - Shot Misses the Net.
12:20 of 3rd period - Shot by Nico Hischier.
12:20 of 3rd period - Shot Misses the Net.
13:15 of 3rd period - Yanni Gourde is hit by Matthew Tkachuk and loses puck.
13:23 of 3rd period - Icing by Yanni Gourde.
13:24 of 3rd period - Anthony Cirelli wins face-off versus Jared McCann in Gladiators zone.
13:41 of 3rd period - Shot by Jared McCann.
13:41 of 3rd period - Shot Misses the Net.
15:08 of 3rd period - Shot by Sebastian Aho.
15:08 of 3rd period - Shot Misses the Net.
15:27 of 3rd period - Travis Konecny is hit by Michael Anderson and loses puck.
15:38 of 3rd period - Shot by Jake Guentzel.
15:38 of 3rd period - Stopped by Samuel Montembeault without a rebound.
15:39 of 3rd period - Jared McCann wins face-off versus Nick Schmaltz in Phantoms zone.
16:08 of 3rd period - Alec Martinez is hit by Jared McCann and loses puck.
16:31 of 3rd period - Shot by Travis Konecny.
16:31 of 3rd period - Shot Blocked by Vince Dunn.
16:33 of 3rd period - Shot by Travis Konecny.
16:33 of 3rd period - Goal by Travis Konecny - Phantoms : 4 - Gladiators : 4.
16:34 of 3rd period - Anthony Cirelli wins face-off versus Brayden Point in neutral zone.
16:53 of 3rd period - Shot by Brayden Point.
16:53 of 3rd period - Shot Misses the Net.
17:40 of 3rd period - Minor Penalty to Brady Tkachuk for Holding.
17:41 of 3rd period - T.J. Oshie wins face-off versus Andrew Mangiapane in Phantoms zone.
17:47 of 3rd period - Shot by Jake Guentzel.
17:47 of 3rd period - Shot Misses the Net.
17:49 of 3rd period - Shot by Zach Hyman.
17:49 of 3rd period - Stopped by Samuel Montembeault without a rebound.
17:50 of 3rd period - Sam Reinhart wins face-off versus Matthew Tkachuk in Phantoms zone.
18:24 of 3rd period - Shot by Ryan Suter.
18:24 of 3rd period - Stopped by Samuel Montembeault without a rebound.
18:25 of 3rd period - T.J. Oshie wins face-off versus Matthew Tkachuk in Phantoms zone.
18:32 of 3rd period - Shot by Geoff Copses.
18:32 of 3rd period - Shot Blocked by Travis Hamonic.
18:36 of 3rd period - Shot by Geoff Copses.
18:36 of 3rd period - Stopped by Samuel Montembeault with a rebound.
18:38 of 3rd period - Shot by T.J. Oshie.
18:38 of 3rd period - Shot Hit the Post.
18:40 of 3rd period - Shot by Geoff Copses.
18:40 of 3rd period - Shot Misses the Net.
18:42 of 3rd period - Shot by Zach Hyman.
18:42 of 3rd period - Shot Misses the Net.
18:44 of 3rd period - Shot by Jaccob Slavin.
18:44 of 3rd period - Shot Misses the Net.
18:46 of 3rd period - Shot by Geoff Copses.
18:46 of 3rd period - Shot Blocked by Travis Hamonic.
19:40 of 3rd period - Shot by Sam Reinhart.
19:40 of 3rd period - Stopped by Samuel Montembeault without a rebound.
19:41 of 3rd period - Anthony Cirelli wins face-off versus Kevin Hayes in Phantoms zone.
Goals for this period are 3 for Phantoms vs 4 for Gladiators.
Shots for this period are 6 for Phantoms vs 17 for Gladiators.

Overtime #1


0:01 of 1st overtime period - Nico Hischier wins face-off versus Brayden Point in neutral zone.
0:18 of 1st overtime period - Shot by Jake Guentzel.
0:18 of 1st overtime period - Shot Misses the Net.
0:20 of 1st overtime period - Shot by Geoff Copses.
0:20 of 1st overtime period - Stopped by Samuel Montembeault with a rebound.
0:28 of 1st overtime period - Shot by Jake Guentzel.
0:28 of 1st overtime period - Stopped by Samuel Montembeault with a rebound.
0:30 of 1st overtime period - Shot by Geoff Copses.
0:30 of 1st overtime period - Shot Blocked by Todd Harkness.
0:32 of 1st overtime period - Shot by Nico Hischier.
0:32 of 1st overtime period - Shot Blocked by Todd Harkness.
0:34 of 1st overtime period - Shot by Geoff Copses.
0:34 of 1st overtime period - Shot Blocked by Todd Harkness.
0:36 of 1st overtime period - Shot by Geoff Copses.
0:36 of 1st overtime period - Shot Misses the Net.
0:38 of 1st overtime period - Shot by Jake Guentzel.
0:38 of 1st overtime period - Shot Misses the Net.
0:40 of 1st overtime period - Shot by Jake Guentzel.
0:40 of 1st overtime period - Goal by Jake Guentzel - Phantoms : 4 - Gladiators : 5.
Goals for this period are 0 for Phantoms vs 1 for Gladiators.
Shots for this period are 0 for Phantoms vs 3 for Gladiators.